 Dungeon Crawl Stone Soup version 0.21.1-1-g345015f (webtiles) character file.

547 Harpaggios the Insei (level 7, -8/52 HPs)
             Began as a Demonspawn Transmuter on Apr 4, 2018.
             Mangled by an orc warrior
             ... wielding a cursed -3 trident
              (23 damage)
             ... on level 4 of the Dungeon.
             The game lasted 00:36:37 (5982 turns).

Harpaggios the Insei (Demonspawn Transmuter)        Turns: 5982, Time: 00:36:38

Health: -8/52      AC:  3    Str: 11    XL:     7   Next: 7%
Magic:  10/10      EV: 13    Int: 16    God:
Gold:   181        SH:  0    Dex: 13    Spells: 4/10 levels left

rFire    . . .     SeeInvis +     - Unarmed
rCold    . . .     Gourm    .   (no shield)
rNeg     . . .     Faith    .   q - +0 leather armour
rPois    +         Spirit   .   (no helmet)
rElec    .         Reflect  .   (no cloak)
rCorr    .         Harm     .   (no gloves)
MR       .....                  (no boots)
Stlth    +.........             (no amulet)
HPRegen  0.17/turn              r - ring of poison resistance
MPRegen  0.12/turn              t - ring of see invisible

@: appendage
A: horns 2, powered by death 1, spiny 1, sturdy frame 1
a: End Transformation


You were on level 4 of the Dungeon.
You were hungry.
You had grown temporary horns.
You visited 1 branch of the dungeon, and saw 5 of its levels.

You collected 181 gold pieces.

Inventory:

Missiles
 m - 87 stones (quivered)
Armour
 q - a +0 leather armour (worn)
Jewellery
 k - an uncursed ring of ice
 p - a +3 ring of evasion
 r - a ring of poison resistance (left hand)
 t - a ring of see invisible (right hand)
Scrolls
 a - a scroll of identify
 f - 2 scrolls of remove curse
 g - a scroll of blinking
 h - a scroll of immolation
 l - a scroll of teleportation
 o - a scroll of enchant armour {unknown}
 s - a scroll of fear {unknown}
Potions
 e - a potion of flight {unknown}
 i - a potion of lignification {unknown}
 j - a potion of degeneration {unknown}
Books
 c - a book of Changes

   Spells                             Type                      Level
   a - Beastly Appendage              Transmutation                1
   b - Sticks to Snakes               Transmutation                2
   c - Spider Form                    Transmutation/Poison         3
   d - Ice Form                       Ice/Transmutation            4
   e - Blade Hands                    Transmutation                5
Comestibles
 d - 7 rations


   Skills:
 - Level 3.0 Fighting
 + Level 3.2 Dodging
 * Level 4.7 Unarmed Combat
 + Level 2.2 Spellcasting
 * Level 4.2 Transmutations


You had 4 spell levels left.
You knew the following spells:

 Your Spells              Type           Power        Failure   Level  Hunger
a - Beastly Appendage     Tmut           ###...       3%          1    #......
b - Sticks to Snakes      Tmut           ###.....     6%          2    ###....
c - Spider Form           Tmut/Pois      #.........   26%         3    ###....


Dungeon Overview and Level Annotations

Branches:
Dungeon (5/15)
 Temple: D:4-7

Altars:

Shops:
D:4 (

Annotations:
D:4 HammerPanzer's ghost, amateur DrAK
D:5 Pikel


Innate Abilities, Weirdness & Mutations

You regenerate a little health from kills.
You are partially covered in sharp spines.
Your movements are slightly less encumbered by armour. (ER -2)
You have a pair of horns on your head.


Message History

You hit the orc warrior but do no damage.
The orc warrior is moderately wounded.
The orc warrior completely misses you.
You hit the orc warrior but do no damage.
You headbutt the orc warrior, but do no damage.
The orc warrior is moderately wounded.
You hit the orc warrior. Your headbutt misses the orc warrior.
The orc warrior is heavily wounded.
The orc warrior hits you with an enchanted trident.
* * * LOW HITPOINT WARNING * * *
You hit the orc warrior.
The orc warrior is severely wounded.
The orc warrior barely misses you.
You hit the orc warrior.
The orc warrior is severely wounded.
The orc warrior hits you but does no damage.
You hit the orc warrior but do no damage.
The orc warrior is severely wounded.
The orc warrior hits you with an enchanted trident!!
You die...

....#.# ########### .##.#.#
#.........# ....#.#####
#.........####### ###.#.....#
#................ #.#####.#
#..........###### #.# #.#
#..........##.###
#.#####.#######..........##....
###.#.....#....[............#...#
..............[.@.########..###.#
.##......##.....o.# #....#.#
(####.##.##.......# #..#.#.#
......##.##.......# #......#
.....###.##.......##### #.....##
'###..................# #.....#
..##.......##########.# ##....#
).##.......# #.# ##%.##
..##.......# #.######..#


You could see an orc warrior.

Vanquished Creatures
  A centaur zombie (D:4)
  A jelly (D:4)
  2 hounds
  2 orc wizards (D:4)
  2 iguanas (D:4)
  3 worker ants (D:4)
  7 adders
  A shadow imp (D:4)
  An adder skeleton (D:4)
  A worm (D:2)
  3 dart slugs
  5 leopard geckos
  12 orcs
  2 giant cockroaches
  4 goblins
  5 hobgoblins
  2 jackals (D:2)
  3 quokkas
  5 bats
  3 frilled lizards
  5 kobolds
  2 leopard gecko skeletons
  9 rats
81 creatures vanquished.

Vanquished Creatures (collateral kills)
  A bullfrog (D:4)
  A scorpion (D:4)
  A worker ant (D:4)
  4 orcs (D:3)
  A goblin (D:3)
  5 jackals (D:2)
  A frilled lizard (D:4)
14 creatures vanquished.

Grand Total: 95 creatures vanquished

Notes
Turn   | Place    | Note
-------+----------+-------------------------------------------
     0 | D:1      | Harpaggios the Demonspawn Transmuter began the quest for the Orb.
     0 | D:1      | Reached XP level 1. HP: 15/15 MP: 3/3
    35 | D:1      | You fall through a shaft!
    61 | D:1      | Gained mutation: You are partially covered in sharp spines. [demonic ancestry]
    61 | D:1      | Reached XP level 2. HP: 9/21 MP: 3/5
   285 | D:1      | Learned a level 2 spell: Sticks to Snakes
  1156 | D:2      | Reached XP level 3. HP: 24/26 MP: 3/6
  1829 | D:2      | Learned a level 3 spell: Spider Form
  1946 | D:2      | Reached XP level 4. HP: 29/33 MP: 5/7
  3161 | D:4      | Reached XP level 5. HP: 38/38 MP: 4/8
  3391 | D:4      | Noticed HammerPanzer's ghost (amateur DrAK)
  3395 | D:4      | Noticed an ogre
  3828 | D:4      | Found Tifotz's Antique Weapon Shoppe.
  4028 | D:5      | Entered Level 5 of the Dungeon
  4326 | D:4      | Gained mutation: Your movements are slightly less encumbered by armour. (ER -2) [demonic ancestry]
  4326 | D:4      | Reached XP level 6. HP: 34/46 MP: 7/9
  4478 | D:5      | Noticed Pikel
  4478 | D:5      | Noticed a slave
  4478 | D:5      | Noticed a slave
  4478 | D:5      | Noticed a slave
  4478 | D:5      | Noticed an ice beast
  4479 | D:5      | Noticed a slave
  4880 | D:4      | HP: 2/46 [hound (6)]
  5573 | D:4      | Gained mutation: You regenerate a little health from kills. [demonic ancestry]
  5573 | D:4      | Reached XP level 7. HP: 27/52 MP: 10/10
  5982 | D:4      | Mangled by an orc warrior

Skill      XL: |  1  2  3  4  5  6 |
---------------+-------------------+-----
Transmutations | 2 3 4 |  4.2
Unarmed Combat | 3 4 |  4.7
Dodging        | 2 3 |  3.2
Fighting       | 2 3 |  3.0
Spellcasting   | |  2.2

Action                   |  1- 3 |  4- 6 |  7- 9 || total
-------------------------+-------+-------+-------++-------
Melee: Unarmed           |    89 |   137 |    29 ||   255
       Kick              |     7 |    14 |       ||    21
       Headbutt          |     3 |     3 |     1 ||     7
       Punch             |     1 |     1 |       ||     2
Throw: Stone             |     7 |    13 |     2 ||    22
 Cast: Beastly Appendage |    15 |    17 |     2 ||    34
       Sticks to Snakes  |     5 |    26 |       ||    31
  Use: Scroll            |       |     8 |       ||     8
       Potion            |       |     2 |       ||     2
 Stab: Sleeping          |     1 |       |       ||     1
  Eat: Chunk             |     4 |    10 |     1 ||    15
       Ration            |       |     1 |       ||     1
Armor: Robe              |     7 |    15 |       ||    22
       Leather armour    |       |       |     1 ||     1
Dodge: Dodged            |    31 |   107 |    14 ||   152
